 Dungeon Crawl Stone Soup version 0.29.0-4-gdea44cf6ec (webtiles) character file.

Game seed: 15842314844989092245

47 qw the Chopper (level 3, -1/29 HPs)
             Began as a Formicid Cinder Acolyte on Sept 3, 2022.
             Was a High Priest of Ignis.
             Killed by divine providence
             ... invoked by an orc priest
              (13 damage)
             ... on level 3 of the Dungeon.
             The game lasted 00:01:04 (2617 turns).

qw the Chopper (Formicid Cinder Acolyte)            Turns: 2617, Time: 00:01:04

Health: -1/29      AC: 12    Str: 20    XL:     3   Next: 97%
Magic:  4/4        EV: 11    Int: 13    God:    Ignis [*****.]
Gold:   128        SH:  0    Dex:  9    Spells: 4/4 levels left

rFire   + . .      SeeInvis +   Y - -1 hand axe (flame)
rCold   . . .      Faith    .   (no shield)
rNeg    . . .      Spirit   .   i - +0 leather armour
rPois   .          Reflect  .   (helmet unavailable)
rElec   .          Harm     .   e - +0 cloak
rCorr   .          Rampage  .   (no gloves)
Will    .....                   c - +0 pair of boots
Stlth   +.........              (no amulet)
HPRegen 0.09/turn               (no ring)
MPRegen 0.09/turn               (no ring)

@: fiery-armoured
A: permanent stasis, dig shafts and tunnels, antennae 3, four strong arms
a: Dig, Shaft Self, Renounce Religion, Fiery Armour, Foxfire Swarm, Rising Flame


You were on level 3 of the Dungeon.
You worshipped Ignis.
Ignis was extremely pleased with you.
You visited 1 branch of the dungeon, and saw 3 of its levels.

You collected 128 gold pieces.


Innate Abilities, Weirdness & Mutations

You cannot be hasted, slowed, berserked, paralysed or teleported.
You can dig through walls and to a lower floor.
You have a pair of large antennae on your head. (SInv)
Your four strong arms can wield two-handed weapons with a shield.


   Skills:
 - Level 3.2 Fighting
 + Level 4.3 Axes
 - Level 1.0 Dodging
 - Level 1.1 Spellcasting
 - Level 3.0 Fire Magic


You had 4 spell levels left.
You didn't know any spells.
Your spell library contained the following spells:

 Spells                   Type           Power      Damage    Failure   Level
 Scorch                   Fire           16%        2d5       14%         2

Inventory:

Hand Weapons
 Y - a -1 hand axe of flaming (weapon)
Armour
 c - a +0 pair of boots (worn)
 e - a +0 cloak (worn)
 i - a +0 leather armour (worn)
 j - a +0 ring mail
 l - a +0 pair of gloves
 m - a +0 scale mail
Jewellery
 g - a ring of fire
Scrolls
 a - 2 scrolls of teleportation
 b - a scroll of summoning {unknown}
 h - a scroll of identify
Potions
 d - a potion of curing {unknown}
 f - a potion of degeneration {unknown}
 k - a potion of mutation {unknown}

Dungeon Overview and Level Annotations

Branches:
Dungeon (3/15)

Altars:


Message History

An orc comes into view. It is wielding a +0 morningstar.
You hit the orc. You burn the orc.
The orc is almost dead.
An orc priest comes into view. It is wielding a +0 whip.
The orc hits you but does no damage.
2608 ||| Stepping ~*~*~tactically~*~*~ (hiding).
You hear the quick rusting of a very distant drain.
2609 ||| Stepping ~*~*~tactically~*~*~ (hiding).
You barely miss the orc.
The orc is almost dead.
The orc hits you but does no damage.
You hit the orc but do no damage.
The orc is almost dead.
The orc hits you with a +0 short sword.
You hit the orc. You burn the orc.
You kill the orc!
You hit the orc but do no damage. The orc barely misses you.
The orc priest miscasts a cantrip.
The orc closely misses you.
You closely miss the orc. You hit the orc but do no damage.
The orc closely misses you. The orc hits you but does no damage.
You hit the orc. You burn the orc.
You kill the orc!
You hit the orc but do no damage. The orc hits you with a +0 short sword.
The orc priest looks encouraged for a moment.
You hit the orc but do no damage. The orc barely misses you.
The orc priest looks braver for a moment.
You hit the orc. You burn the orc.
The orc is moderately wounded.
The orc hits you with a +0 short sword.
The orc priest calls down the wrath of Beogh upon you.
Pain shoots through your body!
2617 ||| INVOKING Fiery Armour.
A protective cloak of flame settles atop you.
The orc priest calls down the wrath of Beogh upon you.
Beogh smites you!
You die...

#.....# #.....# #....=#
### ###.### #.. #.# #.. .
###.#### #.. ... #......#
#.. .....#########......#
#..
#...o.)@..##......####..
....#...o........#....##..
............####.####.....
............## #.####..###
.............###.##....#8.
..................#.8###..
....#................'..._
##..>.......####....8###..
.#####..## #.......#8.


You could see an orc priest and an orc.

Vanquished Creatures
  2 dart slugs
  3 orcs (D:3)
  An endoplasm (D:1)
  A giant cockroach (D:1)
  3 goblins
  8 hobgoblins
  4 jackals (D:1)
  4 ball pythons
  2 bats
  4 kobolds
  6 rats
38 creatures vanquished.

Notes
Turn   | Place    | Note
-------+----------+-------------------------------------------
     0 | D:1      | qw the Formicid Cinder Acolyte began the quest for the Orb.
     0 | D:1      | Reached XP level 1. HP: 18/18 MP: 2/2
     0 | D:1      | 0 ||| qw: Version: 0.1-a-102-g441f92d
     0 | D:1      | 0 ||| qw: Game counter: 5183
     0 | D:1      | 0 ||| qw: Always use a shield: true
     0 | D:1      | 0 ||| qw: God list: Okawaru
     0 | D:1      | 0 ||| qw: Allow faded altars: false
     0 | D:1      | 0 ||| qw: Do Orc after D:15 true
     0 | D:1      | 0 ||| qw: Do second Lair branch before Depths: true
     0 | D:1      | 0 ||| qw: Lair rune preference: random
     0 | D:1      | 0 ||| qw: Plans: Normal
     0 | D:1      | 0 ||| PLANNING D:1-11
    75 | D:1      | 75 ||| Stepping ~*~*~tactically~*~*~ (stealth).
    82 | D:1      | 82 ||| Stepping ~*~*~tactically~*~*~ (stealth).
    84 | D:1      | 84 ||| Stepping ~*~*~tactically~*~*~ (stealth).
    86 | D:1      | 86 ||| Stepping ~*~*~tactically~*~*~ (stealth).
    88 | D:1      | 88 ||| Stepping ~*~*~tactically~*~*~ (stealth).
    89 | D:1      | 89 ||| Stepping ~*~*~tactically~*~*~ (stealth).
    90 | D:1      | 90 ||| Stepping ~*~*~tactically~*~*~ (stealth).
    98 | D:1      | 98 ||| Stepping ~*~*~tactically~*~*~ (stealth).
    99 | D:1      | 99 ||| Stepping ~*~*~tactically~*~*~ (stealth).
   119 | D:1      | 119 ||| Stepping ~*~*~tactically~*~*~ (stealth).
   121 | D:1      | 121 ||| Stepping ~*~*~tactically~*~*~ (stealth).
   122 | D:1      | 122 ||| Stepping ~*~*~tactically~*~*~ (stealth).
   137 | D:1      | 137 ||| Stepping ~*~*~tactically~*~*~ (stealth).
   143 | D:1      | Reached XP level 2. HP: 19/24 MP: 3/3
   162 | D:1      | 162 ||| INVOKING Fiery Armour.
   528 | D:1      | 528 ||| Stepping ~*~*~tactically~*~*~ (stealth).
   529 | D:1      | 529 ||| Stepping ~*~*~tactically~*~*~ (stealth).
   562 | D:1      | 562 ||| Stepping ~*~*~tactically~*~*~ (stealth).
   574 | D:1      | 574 ||| Stepping ~*~*~tactically~*~*~ (stealth).
   697 | D:1      | 697 ||| Stepping ~*~*~tactically~*~*~ (stealth).
   712 | D:1      | 712 ||| Stepping ~*~*~tactically~*~*~ (stealth).
   772 | D:1      | 772 ||| Stepping ~*~*~tactically~*~*~ (stealth).
   777 | D:1      | Reached skill level 4 in Axes
   777 | D:1      | Reached XP level 3. HP: 28/29 MP: 4/4
   800 | D:1      | 800 ||| Stepping ~*~*~tactically~*~*~ (stealth).
   802 | D:1      | 802 ||| Stepping ~*~*~tactically~*~*~ (stealth).
   806 | D:1      | 806 ||| Stepping ~*~*~tactically~*~*~ (hiding).
  1354 | D:1      | 1354 ||| UPGRADING to +0 pair of boots.
  1359 | D:1      | 1359 ||| UPGRADING to +0 cloak.
  1364 | D:1      | 1364 ||| DROPPING ring of wizardry.
  1365 | D:1      | 1365 ||| READING 3 scrolls labelled WUOCZI ASOJ.
  1366 | D:1      | 1366 ||| READING scroll labelled MUHIWO GOZXI NOTH.
  1367 | D:1      | 1367 ||| READING 2 scrolls labelled INGEME DIUX.
  1492 | D:2      | 1492 ||| Stepping ~*~*~tactically~*~*~ (hiding).
  1504 | D:2      | Reached skill level 1 in Dodging
  2178 | D:2      | 2178 ||| UPGRADING to +0 leather armour.
  2188 | D:2      | 2188 ||| DROPPING +0 robe.
  2189 | D:2      | 2189 ||| READING scroll labelled TAUZIEN KOBUNT.
  2190 | D:2      | 2190 ||| READING scroll labelled PEUKUX ZYIRGH.
  2191 | D:2      | 2191 ||| READING 2 scrolls of identify.
  2191 | D:2      | 2191 ||| IDENTIFYING smoky inky potion
  2192 | D:2      | 2192 ||| DROPPING potion of attraction.
  2204 | D:3      | 2204 ||| PLANNING SEWER
  2560 | D:3      | Found a faded altar of an unknown god.
  2608 | D:3      | 2608 ||| Stepping ~*~*~tactically~*~*~ (hiding).
  2609 | D:3      | 2609 ||| Stepping ~*~*~tactically~*~*~ (hiding).
  2617 | D:3      | 2617 ||| INVOKING Fiery Armour.
  2617 | D:3      | Killed from afar by an orc priest

Levels and vault maps discovered:
D:1:      scummos_arrival_gate, layout_basic
D:2:      layout_loops_ring
D:3:      layout_rooms, dreamdust_ecumenical_altar_angels_and_demons,
          portal_sewer_entry_e, nicolae_eternal_life,
          chequers_serial_rivers_room_b

Skill      XL: |  1  2  3 |
---------------+----------+-----
Axes           | 4 |  4.3
Dodging        | 1 |  1.0
Fighting       | |  3.2
Spellcasting   | |  1.1
Fire Magic     | |  3.0

Action                   || total
-------------------------++-------
Melee: Hand axe          ||   114
       Punch             ||     2
Invok: Fiery Armour      ||     2
  Use: Scroll            ||     6
Armor: Robe              ||    18
       Leather armour    ||     4
Dodge: Dodged            ||    47

Table legend:
 A = Non-vault XP
 B = Vault XP
 C = Vault XP percentage of total XP
 D = Non-vault monster count
 E = Vault monster count
 F = Vault count percentage of total count
                 A         B        C        D         E       F
            +---------+---------+-------+---------+---------+-------
      Total |      68 |       0 |   0.0 |      38 |       0 |   0.0
            +---------+---------+-------+---------+---------+-------
        D:1 |      41 |       0 |   0.0 |      24 |       0 |   0.0
        D:2 |      13 |       0 |   0.0 |       8 |       0 |   0.0
        D:3 |      14 |       0 |   0.0 |       6 |       0 |   0.0
            +---------+---------+-------+---------+---------+-------
